 Dungeon Crawl Stone Soup version 0.30.0-18-gc0e69614cb (webtiles) character file.

Game seed: 11737744450464026296

5803 JanusIIV the Grappler (level 10, -1/51 HPs)
             Began as a Vine Stalker Transmuter on May 24, 2023.
             Was a Priest of Wu Jian.
             Slain by a hornet (5 damage)
             ... on level 9 of the Dungeon.
             The game lasted 00:20:26 (7533 turns).

JanusIIV the Grappler (Vine Stalker Transmuter)     Turns: 7533, Time: 00:20:27

Health: -1/51      AC:  7    Str: 18    XL:     10   Next: 79%
Magic:  0/14       EV: 13    Int: 13    God:    Wu Jian [***...]
Gold:   354        SH:  5    Dex: 14    Spells: 9/13 levels left

rFire   . .          .
                       - Unarmed
rCold   . . .        g - +0 buckler
rNeg    . . .        a - +0 robe
rPois   .            h - melded +0 helmet
rElec   .            (no cloak)
rCorr   .            k - +0 pair of gloves
SInv    .            m - melded +0 pair of boots
Will    +....        i - amulet of faith
Stlth   +            t - +4 ring of protection
HPRegen 1.08/turn    (no ring)
MPRegen 0.14/turn

%: guardian spirit, faith
@: lethally poisoned (-1 -> -2), appendages, slowed, very slow
A: horns 2, talons 2, fangs 3, regeneration 1, magic shield, antimagic bite, no
potion heal 2
a: End Transformation, Renounce Religion, Wall Jump, Serpent's Lash


You were on level 9 of the Dungeon.
You worshipped Wu Jian.
Wu Jian was most pleased with you.
You had temporarily grown beastly horns and talons.
You visited 2 branches of the dungeon, and saw 10 of its levels.

You collected 354 gold pieces.

Inventory:

Armour
 a - a +0 robe (worn)
 g - a +0 buckler (worn)
 h - a +0 helmet (melded)
 k - a +0 pair of gloves (worn)
 m - a +0 pair of boots (melded)
Jewellery
 i - an amulet of faith (around neck)
 p - a ring of ice
 q - an amulet of regeneration
 t - a +4 ring of protection (left hand)
 z - the Hermit's Pendant {Faith Invo=14 Evo=0 MP+5}
   (You found it on level 7 of the Dungeon)

   [amulet of faith]

   Invo=14: It sets your Invocations skill to 14.
   Evo=0: It sets your Evocations skill to 0.
   It allows you to gain divine favour quickly.
   MP:        It affects your magic capacity (+5).
 A - a ring of resist corrosion
 G - a +6 ring of strength
Wands
 b - a wand of paralysis (11)
 x - a wand of mindburst (38)
 D - a wand of iceblast (12)
Scrolls
 c - 7 scrolls of identify
 d - a scroll of amnesia
 l - a scroll of acquirement {unknown}
 n - a scroll of enchant armour {unknown}
 o - 2 scrolls of teleportation {unknown}
 r - a scroll of fog {unknown}
 s - a scroll of vulnerability {unknown}
 v - 2 scrolls of immolation {unknown}
 y - a scroll of magic mapping
 B - a scroll of silence {unknown}
Potions
 e - a potion of brilliance
 f - a potion of attraction
 j - a potion of might {unknown}
 u - a potion of mutation {unknown}
 w - 3 potions of magic {unknown}
 C - 2 potions of curing
 E - a potion of heal wounds {unknown}
 F - a potion of ambrosia {unknown}


   Skills:
 + Level 5.1 Fighting
 + Level 4.4 Dodging
 + Level 3.4 Shields
 + Level 12.4 Unarmed Combat
 - Level 2.1 Spellcasting
 - Level 6.0 Transmutations


You had 9 spell levels left.
You knew the following spells:

 Your Spells              Type           Power      Damage    Failure   Level
a - Beastly Appendage     Tmut           34%        N/A       2%          1
b - Spider Form           Tmut/Pois      9%         N/A       28%         3

Your spell library contained the following spells:

 Spells                   Type           Power      Damage    Failure   Level
 Wereblood                Tmut           17%        N/A       4%          2
 Apportation              Tloc           2%         N/A       32%         1
 Necrotise                Necr           4%         1d4       32%         1
 Summon Small Mammal      Summ           4%         N/A       32%         1
 Ozocubu's Armour         Ice            1%         N/A       67%         3
 Tukima's Dance           Hex            1%         N/A       67%         3
 Ice Form                 Ice/Tmut       9%         N/A       67%         4
 Yara's Violent Unravell  Hex/Tmut       4%         3d4       95%         5
 Passage of Golubria      Tloc           1%         N/A       97%         4
 Fireball                 Conj/Fire      0%         3d3       100%        5
 Iskenderun's Battlesphe  Conj           1%         2d6       100%        5
 Conjure Ball Lightning   Conj/Air       0%         3x3d6     100%        6
 Orb of Destruction       Conj           0%         9d5       100%        7
 Ozocubu's Refrigeration  Ice            0%         4d7       100%        7


Dungeon Overview and Level Annotations

Branches:
Dungeon (9/15)             Temple (1/1) D:6
   Lair: D:8-11         Orc: D:9-12

Altars:
Ashenzari
Cheibriados
Dithmenos
Elyvilon
Fedhas
Gozag
Hepliaklqana
Kikubaaqudgha
Makhleb
Okawaru
Qazlal
Ru
Sif Muna
Trog
Uskayaw
Vehumet
Wu Jian
Xom
Yredelemnul
Zin
The Shining One


Innate Abilities, Weirdness & Mutations

You have temporarily grown beastly horns and talons.
You have razor-sharp teeth.
Your natural rate of healing is unusually fast.
When hurt, damage is shared between your health and your magic reserves.
Your bite disrupts and absorbs the magic of your enemies.
Potions cannot restore your health.


Message History

You hear an angry buzzing noise.
The slime creature hits you but does no damage.
You punch the slime creature! You headbutt the slime creature.
You kill the slime creature!
The Council accepts your kill.
You hear an angry buzzing noise.
A hornet comes into view.
You barely miss the hornet. Your bite misses the hornet.
You block the hornet's attack.
You punch the hornet! Your kick misses the hornet.
The hornet is heavily wounded.
The hornet stings you!
You suddenly lose the ability to move!
The hornet stings you!
You feel yourself slow down. The hornet stings you!
You are poisoned.
You feel as though you will be slow longer.
You feel very sick. The hornet stings you.
You feel as though you will be slow longer.
The hornet stings you!
* * * LOW HITPOINT WARNING * * *
You feel as though you will be slow longer.
You can move again.
Your system rejects the healing.
You feel better. The hornet completely misses you. The hornet stings you!
* * * LOW HITPOINT WARNING * * *
You feel as though you will be slow longer.
You punch the hornet! Your kick misses the hornet.
The hornet is almost dead.
The hornet barely misses you. The hornet stings you.
* * * LOW HITPOINT WARNING * * *
You are poisoned.
You feel as though you will be slow longer.
Okay, then.
Okay, then.
You closely miss the hornet. Your kick misses the hornet.
The hornet is almost dead.
You feel very sick. The hornet stings you.
You die...

#.#.#.#..........#
.................#
.##..............#
...#.............#
##.+ .........>#
?.........#
..........#
.#'##..#)#####
#........@y...#
##...#.#.#.#..#
##[######'# .# #.
#.....# # #####.#
#o≈...# #.##### #


You could see a hornet.

Vanquished Creatures
  A cyclops (D:7)
  A slime creature (D:9)
  6 yaks
  4 wyverns
  Eustachio (D:4)
  2 water moccasins
  A sky beast (D:6)
  An ice beast (D:7)
  A black bear (D:7)
  5 orc warriors
  6 centaurs
  An ogre (D:5)
  A phantom (D:5)
  5 kobold brigands
  2 bullfrogs
  A scorpion (D:5)
  5 wights (D:6)
  3 howler monkeys (D:9)
  5 orc priests
  A gnoll bouda (D:9)
  5 jellies
  4 sleepcaps
  7 iguanas
  11 orc wizards
  3 gnolls (D:9)
  8 adders
  3 white imps
  2 worms (D:2)
  5 dart slugs
  29 orcs
  6 endoplasms
  3 giant cockroaches
  9 goblins
  6 hobgoblins
  9 jackals
  4 quokkas
  9 ball pythons
  8 bats
  5 frilled lizards
  34 kobolds
  8 rats
231 creatures vanquished.

Vanquished Creatures (others)
  An orc wizard (D:4)
1 creature vanquished.

Grand Total: 232 creatures vanquished

Notes
Turn   | Place    | Note
-------+----------+-------------------------------------------
     0 | D:1      | JanusIIV the Vine Stalker Transmuter began the quest for
                  | the Orb.
     0 | D:1      | Reached XP level 1. HP: 9/9 MP: 4/4
   165 | D:1      | Reached XP level 2. HP: 14/14 MP: 6/6
   380 | D:1      | Reached skill level 1 in Fighting
   420 | D:1      | Reached XP level 3. HP: 11/18 MP: 4/7
   519 | D:1      | Found a faded altar of an unknown god.
   587 | D:1      | Reached skill level 4 in Unarmed Combat
  1216 | D:2      | Found a shadowy altar of Dithmenos.
  1583 | D:2      | Gained mutation: Your natural rate of healing is unusually
                  | fast. [Vine Stalker growth]
  1583 | D:2      | Reached XP level 4. HP: 22/22 MP: 6/8
  2597 | D:4      | Found a shimmering blue altar of Sif Muna.
  2835 | D:4      | Reached XP level 5. HP: 25/25 MP: 9/9
  2860 | D:4      | Reached skill level 5 in Unarmed Combat
  3357 | D:5      | Entered Level 5 of the Dungeon
  3391 | D:5      | Noticed Eustachio
  3505 | D:5      | Reached XP level 6. HP: 7/30 MP: 4/10
  3573 | D:5      | Reached skill level 6 in Unarmed Combat
  3654 | D:4      | Killed Eustachio
  3655 | D:4      | Reached XP level 7. HP: 30/35 MP: 11/11
  3812 | D:5      | Reached skill level 7 in Unarmed Combat
  4184 | D:5      | Reached skill level 8 in Unarmed Combat
  4184 | D:5      | Gained mutation: You have razor-sharp teeth. [Vine Stalker
                  | growth]
  4184 | D:5      | Reached XP level 8. HP: 21/40 MP: 5/12
  4402 | D:6      | Found a burning altar of Makhleb.
  4642 | D:6      | Reached skill level 9 in Unarmed Combat
  4669 | D:6      | HP: 2/42 [kobold/+0 whip (2)]
  4674 | D:6      | HP: 2/63 [poisoned by a kobold brigand (curare-tipped
                  | dart)]
  4802 | D:6      | Found a staircase to the Ecumenical Temple.
  4809 | Temple   | Entered the Ecumenical Temple
  4837 | Temple   | Became a worshipper of the Wu Jian Council
  4908 | Temple   | Learned a level 3 spell: Spider Form
  4998 | D:6      | Reached XP level 9. HP: 34/45 MP: 8/13
  5191 | D:6      | Reached skill level 5 in Fighting
  5191 | D:6      | Reached skill level 10 in Unarmed Combat
  5493 | D:7      | Reached * piety under Wu Jian
  5805 | D:7      | Found a faded altar of an unknown god.
  5805 | D:7      | Found the Hermit's Pendant {Faith Invo=14 Evo=0 MP+5}
  5807 | D:7      | Noticed a cyclops
  5830 | D:7      | Killed a cyclops
  5831 | D:7      | Reached skill level 11 in Unarmed Combat
  6069 | D:7      | Reached skill level 1 in Shields
  6452 | D:8      | Reached ** piety under Wu Jian
  6463 | D:8      | Reached XP level 10. HP: 51/51 MP: 14/14
  6666 | D:8      | Reached skill level 12 in Unarmed Combat
  6676 | D:8      | Reached skill level 5 in Transmutations
  7475 | D:9      | Reached *** piety under Wu Jian
  7528 | D:9      | Paralysed by a hornet for 2 turns
  7533 | D:9      | Slain by a hornet

Illustrated notes

Levels and vault maps discovered:
D:1:      dpeg_arrival_signposts, layout_loops_ring,
          shapermc_ecumenical_altar_mp_highgroup, minmay_box_of_dots
D:2:      layout_loops_cross, basic_altar
D:3:      layout_loops_ring, dreamdust_princess_bridge,
          minmay_misc_feat_four_crosses, hangedman_abyss_or_decor_lesser_grid
D:4:      layout_loops_ring, led_sif_book
D:5:      layout_basic, nicolae_overflow_hidden_temple, minmay_misc_feat_alley,
          uniq_eustachio
D:6:      layout_basic, mainiacjoe_overflow_alcove_2,
          minmay_temple_entry_statues_pillars
D:7:      layout_loops_cross, hellmonk_guarded_unrand_hermit
D:8:      layout_basic, chequers_serial_rivers_room_a, roderic_st_hans_cross
D:9:      layout_roguey, lair_entry_dummy, serial_glass, glass_columns_b,
          glass_columns_b, glass_columns_a, glass_columns_a, onia_ninara_cookie
Temple:   mainiacjoe_temple_coin_purse

Skill      XL: |  1  2  3  4  5  6  7  8  9 10 |
---------------+-------------------------------+-----
Fighting       | 1 2 3 4 5 |  5.1
Unarmed Combat | 4 5 6 8 9 11 12 | 12.4
Transmutations | 3 4 6 |  6.0
Dodging        | 2 4 |  4.4
Shields        | 1 3 |  3.4
Spellcasting   | |  2.1

Action                     |  1- 3 |  4- 6 |  7- 9 | 10-12 || total
---------------------------+-------+-------+-------+-------++-------
  Melee: Unarmed           |   113 |   177 |   266 |   125 ||   681
         Bite              |    26 |    49 |    65 |    40 ||   180
         Punch             |     5 |       |       |       ||     5
         Kick              |     4 |     8 |    66 |    42 ||   120
         Headbutt          |     3 |     5 |    40 |    24 ||    72
   Cast: Beastly Appendage |     4 |     7 |    30 |    13 ||    54
Ability: Lunge             |       |       |     5 |     6 ||    11
  Evoke: Wand              |       |       |     2 |       ||     2
    Use: Scroll            |       |     5 |       |       ||     5
         Potion            |       |       |     3 |     1 ||     4
   Stab: Sleeping          |     4 |     3 |       |       ||     7
         Distracted        |       |       |     1 |       ||     1
         Paralysed         |       |       |     3 |       ||     3
 Armour: Robe              |    25 |    45 |    34 |    29 ||   133
         Skin              |       |       |    24 |       ||    24
  Dodge: Dodged            |    77 |   113 |   101 |    51 ||   342
  Block: Buckler           |       |    31 |    31 |    20 ||    82
